AoeStats
← Wit Ridder

Arena

509890463Analyzed
4v4 RM · 4d ago on Sep 28, 2026· 62m 10s· 8 players
Game mode
Random Map
Map size
Large (8 player)
Population
200
Speed
Normal
Resources
Standard
Victory
Conquest
Starting age
Dark Age
Ending age
Imperial Age
RankedLock teamsTeams togetherTeam positionsShared explorationLock speedFull tech treeHidden civsTurbo modeCheats
Victory
Defeat
🇨🇳 Ethiopians · China
768
+11
🇪🇸 Huns · Spain
728
+13
🇨🇳 Khmer · China
680
+15
🇿🇦 Britons · South Africa
663
+16
🇻🇳 Khmer · Vietnam
849
-21
🇺🇸 Magyars · United States
635
-13
🇺🇸 Franks · United States
594
-11
🇵🇪 Bulgarians · Peru
560
-10
[PKT]Luixpozo
10:09 Loom
12:27 Feudal Age
18:27 Castle Age
34:36 Imperial Age
35:38 Bloodlines
35:29 Husbandry
35:39 Scale Barding Armor
35:45 Forging
36:13 Conscription
35:15 Elite Tarkan
38:07 Cavalier
41:20 Chain Barding Armor
41:36 Iron Casting
41:16 Paladin
50:17 Light Cavalry
50:50 Hussar
fj0083
12:19 Feudal Age
13:31 Double-Bit Axe
16:32 Castle Age
14:36 Horse Collar
15:18 Gold Mining
17:37 Bow Saw
27:08 Imperial Age
25:49 Crossbowman
26:40 Stone Mining
27:36 Squires
27:21 Arson
27:30 Fletching
27:40 Padded Archer Armor
29:35 Wheelbarrow
29:55 Leather Archer Armor
29:35 Bodkin Arrow
30:34 Thumb Ring
33:05 Forging
32:55 Scale Mail Armor
34:35 Iron Casting
34:01 Arbalester
35:05 Chain Mail Armor
35:07 Loom
35:37 Hand Cart
36:42 Blast Furnace
36:40 Ballistics
38:10 Halberdier
40:51 Ring Archer Armor
41:59 Chemistry
42:32 Two-Man Saw
42:43 Conscription
43:16 Bracer
45:17 Plate Mail Armor
47:13 Scale Barding Armor
48:06 Capped Ram
49:04 Capped Ram
50:21 Siege Ram
51:56 Onager
52:51 Fortified Wall
53:27 Siege Onager
61:49 Heavy Plow
战鹰
0:54 Loom
1:04 Loom
10:13 Feudal Age
10:55 Double-Bit Axe
10:53 Horse Collar
15:19 Gold Mining
19:23 Castle Age
18:18 Stone Mining
20:48 Heavy Plow
21:01 Bow Saw
21:34 Stone Shaft Mining
27:13 Gold Shaft Mining
31:44 Imperial Age
32:10 Caravan
33:29 Elite Ballista Elephant
34:33 Conscription
34:16 Double Crossbow
35:39 Wheelbarrow
34:54 Town Watch
37:00 Chemistry
36:09 Siege Engineers
36:24 Masonry
36:57 Hand Cart
36:44 Town Patrol
38:03 Hoardings
37:53 Ballistics
37:44 Siege Engineers
37:56 Masonry
37:58 Fortified Wall
37:50 Murder Holes
43:17 Husbandry
43:34 Bloodlines
44:25 Bloodlines
44:30 Scale Barding Armor
46:38 Chain Barding Armor
46:44 Chain Barding Armor
46:39 Forging
48:47 Architecture
48:57 Plate Barding Armor
49:08 Plate Barding Armor
49:24 Iron Casting
49:47 Crop Rotation
54:25 Elite Battle Elephant
Wit Ridder
1:11 Loom
11:49 Feudal Age
12:34 Double-Bit Axe
13:33 Horse Collar
14:14 Gold Mining
15:47 Stone Mining
22:00 Castle Age
23:00 Bow Saw
23:05 Heavy Plow
24:45 Gold Shaft Mining
24:01 Pikeman
24:43 Squires
24:29 Arson
28:12 Arson
33:52 Imperial Age
34:44 Murder Holes
35:11 Ballistics
37:33 Yeomen
37:16 Elite Longbowman
38:45 Halberdier
41:46 Chemistry
40:59 Fortified Wall
40:55 Padded Archer Armor
40:45 Fletching
41:06 Forging
40:57 Scale Mail Armor
41:02 Scale Barding Armor
43:14 Two-Man Saw
43:05 Conscription
43:08 Onager
44:15 Caravan
44:50 Sappers
45:55 Hoardings
47:36 Town Watch
48:44 Leather Archer Armor
48:25 Bodkin Arrow
50:36 Warwolf
51:29 Ring Archer Armor
50:59 Bracer
51:35 Iron Casting
51:16 Chain Mail Armor
51:21 Chain Barding Armor
63:15 Hoardings
winderia
10:25 Feudal Age
11:51 Gold Mining
11:53 Stone Mining
11:51 Double-Bit Axe
21:14 Castle Age
29:18 Husbandry
29:30 Forging
29:25 Scale Barding Armor
kaifanestro
10:12 Feudal Age
8:27 Loom
11:47 Double-Bit Axe
13:15 Wheelbarrow
15:35 Horse Collar
16:13 Gold Mining
22:17 Castle Age
20:41 Stone Mining
21:19 Forging
21:15 Scale Barding Armor
25:18 Stone Shaft Mining
25:19 Gold Shaft Mining
26:21 Bow Saw
26:13 Heavy Plow
34:33 Imperial Age
32:53 Hand Cart
36:33 Coinage
36:04 Caravan
38:47 Crop Rotation
40:57 Banking
42:14 Iron Casting
41:59 Chain Barding Armor
42:03 Cavalier
42:43 Husbandry
44:47 Plate Barding Armor
45:13 Blast Furnace
44:05 Fletching
46:03 Conscription
47:27 Stirrups
47:39 Bagains
51:51 Bodkin Arrow
55:51 Elite Konnik
56:03 Elite Konnik
62:13 Bracer
Enma Ai7591
7:57 Loom
13:23 Feudal Age
15:13 Double-Bit Axe
15:12 Horse Collar
18:24 Castle Age
20:31 Wheelbarrow
22:01 Heavy Plow
23:23 Bow Saw
23:24 Stone Mining
23:25 Gold Mining
25:29 Hand Cart
25:53 Gold Shaft Mining
28:00 Scale Barding Armor
27:55 Scale Mail Armor
29:21 Corvinian Army
31:08 Chain Barding Armor
31:04 Chain Mail Armor
36:18 Imperial Age
34:39 Husbandry
35:37 Bloodlines
38:01 Crop Rotation
38:33 Two-Man Saw
41:11 Conscription
40:38 Elite Magyar Huszar
42:05 Plate Barding Armor
SSuperHappy
10:00 Feudal Age
14:04 Castle Age
15:05 Wheelbarrow
14:19 Double-Bit Axe
17:07 Loom
20:59 Bow Saw
21:52 Horse Collar
24:09 Heavy Plow
26:02 Husbandry
26:13 Bloodlines
26:46 Forging
26:47 Gold Mining
26:52 Stone Mining
28:06 Hand Cart
28:11 Town Watch
29:05 Iron Casting
28:35 Scale Barding Armor
28:32 Arson
29:58 Chain Barding Armor
33:06 Imperial Age
31:37 Gold Shaft Mining
34:13 Elite Battle Elephant
35:57 Devotion
36:23 Ballistics
37:03 Chemistry
35:27 Heavy Scorpion
36:35 Fletching
36:45 Padded Archer Armor
37:58 Light Cavalry
39:35 Bodkin Arrow
40:41 Blast Furnace
39:56 Leather Archer Armor
40:22 Double Crossbow
40:43 Conscription
40:26 Hussar
41:18 Bracer
41:33 Leather Archer Armor
42:53 Conscription
43:08 Tusk Swords
Connection lost

Rejoining the realm…

Still unreachable

The connection could not be restored.

Session expired

The server has moved on; the page needs a fresh start.